 Dungeon Crawl Stone Soup version 0.29.1-1-gd02db6906a (webtiles) character file.

Game seed: 17862825381181538625

5047 xian the Skirmisher (level 10, -7/53 HPs)
             Began as a Spriggan Hunter on Oct 5, 2022.
             Was a Believer of Ashenzari.
             Mangled by a boulder beetle (60 damage)
             ... on level 9 of the Dungeon.
             The game lasted 00:25:28 (10671 turns).

xian the Skirmisher (Spriggan Hunter)              Turns: 10671, Time: 00:25:28

Health: -7/53      AC:  4    Str: 17    XL:     10   Next: 30%
Magic:  11/11      EV: 21    Int: 11    God:    Ashenzari [**....]
Gold:   498        SH:  0    Dex: 19    Spells: 9/9 levels left

rFire   . . .      SeeInvis +   a - +0 shortbow
rCold   . . .      Faith    .   (shield currently unavailable)
rNeg    . . .      Spirit   .   C - +0 troll leather armour
rPois   .          Reflect  .   q - +0 hat "Eternal Negation" {Melee, Cun} (curse)
rElec   .          Harm     .   (no cloak)
rCorr   +          Rampage  .   (gloves unavailable)
Will    +....                   (boots unavailable)
Stlth   ++++......              x - amulet of magic regeneration
HPRegen 0.97/turn               m - ring of Ashenzari's Irritation {rCorr, Elem, Range} (curse)
MPRegen 0.52/turn               y - ring "Submission of Ashenzari" {Str+6, Cun, Evo} (curse)

@: very quick
A: very small, no large weapons, unfitting armour, see invisible, speed 3
a: Renounce Religion, Shatter the Chains


You were on level 9 of the Dungeon.
You worshipped Ashenzari.
Ashenzari was pleased with you.
You visited 1 branch of the dungeon, and saw 9 of its levels.

You collected 498 gold pieces.

Inventory:

Hand Weapons
 a - a +0 shortbow (weapon)
 e - a +2 dagger of freezing
Armour
 c - a +0 robe
 o - an orb of mayhem
 q - the cursed +0 hat "Eternal Negation" (worn) {Melee, Cun}
   (You found it on level 2 of the Dungeon)

   It has a curse which improves the following skills: Melee Combat: Short
   Blades, Long Blades, Axes, Maces & Flails, Polearms, Staves and Unarmed
   Combat.
   Cunning:   Dodging and Stealth.
 C - a +0 troll leather armour (worn)
Jewellery
 h - a +6 ring of dexterity
 m - the cursed ring of Ashenzari's Irritation (left hand) {rCorr, Elem, Range}
   (You found it on level 2 of the Dungeon)

   [ring of resist corrosion]

   rCorr:     It protects you from acid and corrosion.
   It has a curse which improves the following skills: Elements: Fire Magic, Ice
   Magic, Air Magic and Earth Magic.
   Ranged Combat: Ranged Weapons and Throwing.
 x - an amulet of magic regeneration (around neck)
 y - the cursed ring "Submission of Ashenzari" (right hand) {Str+6, Cun, Evo}
   (You found it on level 7 of the Dungeon)

   [ring of strength]

   Str:       It affects your strength (+6).
   It has a curse which improves the following skills: Cunning: Dodging and
   Stealth.
   Evocations: Evocations.
Wands
 g - a wand of paralysis (9)
 s - a wand of flame (3)
 t - a wand of acid (14)
 E - a wand of iceblast (2)
Scrolls
 b - 4 scrolls of immolation
 d - a scroll of torment
 f - 4 scrolls of vulnerability
 i - 2 scrolls of enchant weapon
 k - 2 scrolls of enchant armour
 n - 2 scrolls of fear
 p - a scroll of teleportation
 r - a scroll of silence
 u - a scroll of blinking
 v - 4 scrolls of poison
 B - a scroll of magic mapping
 D - a scroll of butterflies
Potions
 j - a potion of heal wounds
 l - a potion of attraction
 w - a potion of lignification
 z - 2 potions of flight
 A - a potion of haste
 F - 2 potions of berserk rage


   Skills:
 + Level 5.9 Fighting
 + Level 1.9(2.9) Short Blades
 + Level 13.0(14.2) Ranged Weapons
 + Level 0.2 Armour
 + Level 5.4(7.3) Dodging
 + Level 5.0(6.9) Stealth
 + Level 1.7(2.6) Evocations


You had 9 spell levels left.
You didn't know any spells.
Your spell library contained the following spells:

 Spells                   Type           Power      Damage    Failure   Level
 Beastly Appendage        Tmut           0%         N/A       38%         1
 Wereblood                Tmut           0%         N/A       54%         2
 Spider Form              Tmut/Pois      0%         N/A       77%         3
 Summon Forest            Summ/Tloc      0%         N/A       100%        5
 Summon Mana Viper        Hex/Summ       0%         N/A       100%        5
 Summon Cactus Giant      Summ           0%         N/A       100%        6


Dungeon Overview and Level Annotations

Branches:
Dungeon (9/15)             Temple (0/1) D:5
   Lair: D:8-11         Orc: D:9-12

Altars:
Ashenzari
Cheibriados
Dithmenos
Fedhas
Gozag
Nemelex Xobeh
Okawaru
Sif Muna
Vehumet
Xom
Yredelemnul
Zin

Annotations:
D:8 1 runed translucent door


Innate Abilities, Weirdness & Mutations

You are very small and have problems with some larger weapons.
You are too small for most types of armour.
You have supernaturally acute eyesight. (SInv)
You cover ground extremely quickly. (Speed+++)


Message History

The boulder beetle curls into a ball and begins rolling!
The boulder beetle attacks as you move away!
The boulder beetle misses you.
The boulder beetle stops rolling and uncurls.
You shoot an arrow.
The arrow barely misses the boulder beetle.
The boulder beetle leaps!
No target in view!
There is an open door here.
You shoot an arrow.
The arrow hits the boulder beetle but does no damage.
You shoot an arrow.
The arrow hits the boulder beetle but does no damage.
You shoot an arrow. The arrow hits the boulder beetle!
The boulder beetle is lightly wounded.
The boulder beetle curls into a ball and begins rolling!
You shoot an arrow.
The arrow hits the boulder beetle but does no damage.
The boulder beetle is lightly wounded.
You shoot an arrow.
The arrow hits the boulder beetle but does no damage.
The boulder beetle is lightly wounded.
You shoot an arrow.
The arrow hits the boulder beetle but does no damage.
The boulder beetle is lightly wounded.
The boulder beetle closely misses you.
The boulder beetle stops rolling and uncurls.
The boulder beetle leaps!
The boulder beetle curls into a ball and begins rolling!
The boulder beetle attacks as you move away!
The boulder beetle barely misses you.
The boulder beetle stops rolling and uncurls.
The boulder beetle curls into a ball and begins rolling!
The boulder beetle completely misses you.
The boulder beetle stops rolling and uncurls.
Found a scroll of identify.
The boulder beetle curls into a ball and begins rolling!
The boulder beetle hits you!!!
Ouch! That really hurt!
You die...

, #.°°°°..........#
,,#°#######.......######
, * #°# #........'.)...
* #°# * #........######
* *, #°# ....#....... *
* #.#
#°######..#.####.#{ *
.....#°........#.. ,.* *
* #....°....#.####* * ,*
,######°#@......., , * *
#.B..#.####* * * * *
#.?..# * , , ###### , *
* ** *, , , , ,,, , *
***** *


You could see a boulder beetle (rolling).

Vanquished Creatures
  2 trolls (D:9)
  Grinder (D:5)
  A wraith (D:9)
  6 yaks
  A wyvern (D:8)
  A sky beast (D:7)
  3 ice beasts
  3 ogres
  2 black bears (D:6)
  A centaur (D:9)
  2 phantoms
  Blork the orc (D:5)
  A kobold brigand (D:9)
  2 bullfrogs (D:8)
  2 necrophages
  7 scorpions
  3 wights (D:8)
  11 killer bees
  A howler monkey (D:9)
  5 hounds
  5 orc priests
  2 iguanas
  7 orc wizards
  3 gnolls (D:2)
  8 adders
  2 shadow imps (D:7)
  3 white imps
  2 worms
  4 dart slugs
  27 orcs
  7 ball pythons
  7 bats
  9 endoplasms
  8 giant cockroaches
  8 goblins
  6 hobgoblins
  2 jackals (D:2)
  12 kobolds
  5 quokkas
  8 frilled lizards
  A goblin skeleton (D:8)
  A jackal zombie (D:8)
  7 rats
200 creatures vanquished.

Notes
Turn   | Place    | Note
-------+----------+-------------------------------------------
     0 | D:1      | xian the Spriggan Hunter began the quest for the Orb.
     0 | D:1      | Reached XP level 1. HP: 10/10 MP: 2/2
   147 | D:1      | Reached XP level 2. HP: 14/14 MP: 3/3
   571 | D:1      | Found a faded altar of an unknown god.
   961 | D:1      | Reached XP level 3. HP: 18/18 MP: 4/4
  1135 | D:2      | Reached skill level 5 in Ranged Weapons
  1161 | D:2      | Reached XP level 4. HP: 9/23 MP: 5/5
  2272 | D:3      | Found a broken altar of Ashenzari.
  2273 | D:3      | Found an iron altar of Okawaru.
  2280 | D:3      | Became a worshipper of Ashenzari the Shackled
  2642 | D:4      | Found a snail-covered altar of Cheibriados.
  2648 | D:4      | Reached XP level 5. HP: 26/26 MP: 6/6
  3008 | D:5      | Entered Level 5 of the Dungeon
  3252 | D:5      | Reached skill level 6 in Ranged Weapons
  3327 | D:5      | Noticed Blork the orc
  3337 | D:5      | Killed Blork the orc
  3338 | D:5      | Reached XP level 6. HP: 15/32 MP: 7/7
  3526 | D:5      | Reached skill level 7 in Ranged Weapons
  3710 | D:5      | Identified the +0 chain mail of the True Pharaoh {rPois
                  | rN+}
  3932 | D:5      | Noticed Grinder
  3938 | D:5      | Paralysed by Grinder for 5 turns
  3942 | D:5      | HP: 1/32 [Grinder (2)]
  3948 | D:5      | Killed Grinder
  3949 | D:5      | Reached skill level 8 in Ranged Weapons
  3949 | D:5      | Reached XP level 7. HP: 2/36 MP: 8/8
  4433 | D:5      | Found a staircase to the Ecumenical Temple.
  4674 | D:5      | Reached skill level 9 in Ranged Weapons
  4687 | D:5      | Reached XP level 8. HP: 22/40 MP: 9/9
  5915 | D:4      | Found a shimmering blue altar of Sif Muna.
  6080 | D:4      | Reached skill level 10 in Ranged Weapons
  6175 | D:6      | Reached * piety under Ashenzari
  6317 | D:5      | Reached XP level 9. HP: 43/46 MP: 10/10
  6372 | D:6      | Found a radiant altar of Vehumet.
  6372 | D:6      | Found an opulent altar of Gozag.
  6417 | D:6      | Reached skill level 11 in Ranged Weapons
  8226 | D:7      | Found a sparkling altar of Nemelex Xobeh.
  8276 | D:8      | Found a shimmering altar of Xom.
  8276 | D:8      | Found a shimmering altar of Xom.
  8277 | D:8      | Found a shimmering altar of Xom.
  8277 | D:8      | Found a shimmering altar of Xom.
  8400 | D:8      | Reached skill level 12 in Ranged Weapons
  8472 | D:8      | Found a glowing silver altar of Zin.
  8523 | D:8      | Found a blossoming altar of Fedhas.
  8819 | D:8      | Reached skill level 5 in Fighting
  9059 | D:8      | Found Heffe's General Store.
  9130 | D:8      | Reached skill level 1 in Short Blades
  9504 | D:8      | Found a runed translucent door.
  9511 | D:8      | Found a basalt altar of Yredelemnul.
  9574 | D:8      | Noticed a yaktaur
  9613 | D:9      | Reached skill level 5 in Stealth
  9652 | D:9      | Reached ** piety under Ashenzari
  9795 | D:9      | Noticed a troll
  9821 | D:9      | Killed a troll
  9822 | D:9      | Reached XP level 10. HP: 49/51 MP: 11/11
  9894 | D:9      | Reached skill level 5 in Dodging
 10116 | D:9      | Reached skill level 1 in Evocations
 10250 | D:9      | Found a shadowy altar of Dithmenos.
 10459 | D:9      | Reached skill level 13 in Ranged Weapons
 10548 | D:9      | Noticed a boulder beetle
 10671 | D:9      | Mangled by a boulder beetle

Illustrated notes

Levels and vault maps discovered:
D:1:      minmay_arrival_split_and_join, layout_basic,
          shapermc_ecumenical_altar_notcrosses, minmay_tetromino_t2
D:2:      layout_rooms, minmay_misc_feat_nine_boxes,
          nicolae_concentric_dashed_squares_mild, grunt_decor_mini_mirrors,
          hangedman_decor_clover_reticule, grunt_ministairs_9,
          minmay_misc_feat_rows
D:3:      layout_loops_cross, mainiacjoe_overflow_divided_tiny
D:4:      layout_rooms, nicolae_overflow_crystal_walls, slow_altar_1
D:5:      layout_basic, minmay_temple_entry_fiery, st_stairs_14,
          uniq_blork_the_orc, uniq_grinder
D:6:      layout_rooms, mainiacjoe_overflow_large_starburst
D:7:      layout_loops_ring, nemelex_dance_club_becter
D:8:      layout_loops_ring, fedhas_altar_1, dk_yredelemnul_ordeal,
          overflow_temple_1_default, xom_shifter_show, serial_shops, shop
D:9:      minmay_chambers_of_sixes, layout_basic, lemuel_tele_altar,
          serial_glass, glass_columns_a, glass_columns_a,
          roderic_serpentine_path, eino_jars

Skill      XL: |  1  2  3  4  5  6  7  8  9 10 |
---------------+-------------------------------+-----
Ranged Weapons | 5 6 8 9 10 12 13 | 13.0
Fighting       | 2 3 4 5 |  5.9
Stealth        | 2 3 4 5 |  5.0
Dodging        | 3 4 5 |  5.4
Short Blades   | 1 |  1.9
Evocations     | 1 |  1.7
Armour         | |  0.2

Action                   |  1- 3 |  4- 6 |  7- 9 | 10-12 || total
-------------------------+-------+-------+-------+-------++-------
Melee: Dagger            |       |     3 |    41 |     6 ||    50
 Fire: Shortbow          |    89 |   189 |   485 |   127 ||   890
Invok: Curse Item        |       |       |     3 |       ||     3
Evoke: Wand              |       |     2 |       |     1 ||     3
  Use: Potion            |       |     1 |     6 |       ||     7
       Scroll            |       |       |     6 |     3 ||     9
 Stab: Paralysed         |       |     1 |       |       ||     1
       Sleeping          |       |       |     1 |     1 ||     2
Armor: Robe              |     3 |     4 |    10 |       ||    17
       Troll leather arm |       |       |       |     1 ||     1
Dodge: Dodged            |    18 |    60 |   152 |    82 ||   312
